 Dungeon Crawl Stone Soup version 0.26.0-16-gc1dbca0489 (webtiles) character file.

Game seed: 17005224985622288467

43 thiole the Sneak (level 3, 0/21 HPs)
             Began as an Octopode Hedge Wizard on Jan 19, 2021.
             Slain by a worm (11 damage)
             ... on level 2 of the Dungeon.
             The game lasted 00:01:56 (1874 turns).

thiole the Sneak (Octopode Hedge Wizard)            Turns: 1874, Time: 00:01:57

Health: 0/21       AC:  1    Str:  9    XL:     3   Next: 58%
Magic:  2/7        EV: 13    Int: 17    God:
Gold:   30         SH:  0    Dex: 11    Spells: 7/8 levels left

rFire    . . .     SeeInvis .   a - +0 dagger
rCold    . . .     Faith    .   (no shield)
rNeg     . . .     Spirit   .   b - +0 hat
rPois    .         Reflect  .   (no amulet)
rElec    .         Harm     .   (no ring)
rCorr    .         Rampage  .   (no ring)
Will     .....                  (no ring)
Stlth    +++.......             (no ring)
HPRegen  0.07/turn              (no ring)
MPRegen  0.10/turn              (no ring)
                                (no ring)
                                (no ring)

@: no status effects
A: almost no armour, stealthy swim, amphibious, 8 rings, constrict 8, camouflage
1, gelatinous body 1
a: no special abilities


You were on level 2 of the Dungeon.
You visited 1 branch of the dungeon, and saw 2 of its levels.

You collected 30 gold pieces.

Inventory:

Hand Weapons
 a - a +0 dagger (weapon)
Armour
 b - a +0 hat (worn)
Scrolls
 d - a scroll of remove curse {unknown}
 f - a scroll of identify {unknown}
Potions
 c - a potion of attraction {unknown}
 e - a potion of magic {unknown}


   Skills:
 + Level 2.4 Dodging
 + Level 3.3 Stealth
 + Level 3.3 Spellcasting
 - Level 1.0 Conjurations
 - Level 1.0 Summonings
 * Level 2.2 Translocations


You had 7 spell levels left.
You knew the following spells:

 Your Spells              Type           Power        Failure   Level
a - Magic Dart            Conj           24%          11%         1

Your spell library contained the following spells:

 Spells                   Type           Power        Failure   Level
 Blink                    Tloc           N/A          11%         2
 Call Imp                 Summ           6%           17%         2
 Slow                     Hex            2%           26%         2
 Conjure Flame            Conj/Fire      4%           38%         3
 Mephitic Cloud           Conj/Pois/Air  3%           41%         3


Dungeon Overview and Level Annotations

Branches:
Dungeon (2/15)

Altars:


Innate Abilities, Weirdness & Mutations

You cannot wear most types of armour.
You are very stealthy in the water. (Stealth+)
You are amphibious.
You can wear up to eight rings at the same time.
You can use your tentacles to constrict eight enemies at once.
Your skin changes colour to match your surroundings (Stealth+).
Your rubbery body absorbs attacks. (AC +1, EV +1)


Message History

The worm is moderately wounded.
A hobgoblin comes into view. It is wielding a +0 club.
The jackal barely misses you.
The hobgoblin shouts!
You hit the jackal. You grab the jackal.
The jackal is moderately wounded.
You constrict the jackal.
You hear a shout!
The jackal barely misses you.
You hit the jackal.
You kill the jackal!
You hit the hobgoblin. Your grab misses the hobgoblin.
The hobgoblin is lightly wounded.
The hobgoblin closely misses you.
You hit the hobgoblin. You grab the hobgoblin.
The hobgoblin is heavily wounded.
You constrict the hobgoblin. The hobgoblin hits you with a +0 club.
The worm bites you!
Ouch! That really hurt!
You die...

##### #.....#####
### ......w@g.# #..
#.##..###g## #.# #.
#..# #.#
....####.###.####
## #...$.....<...#
...................
###
########.#####...##
#<#.. #g# ....
#.#.# #.. ###


You could see a worm, a hobgoblin and a goblin.

Vanquished Creatures
  2 dart slugs
  2 giant cockroaches (D:1)
  7 goblins
  2 hobgoblins (D:1)
  7 jackals (D:2)
  5 kobolds (D:1)
  3 bats
  A frilled lizard (D:1)
  A jackal skeleton (D:2)
  5 rats
35 creatures vanquished.

Notes
Turn   | Place    | Note
-------+----------+-------------------------------------------
     0 | D:1      | thiole the Octopode Hedge Wizard began the quest for the
                  | Orb.
     0 | D:1      | Reached XP level 1. HP: 11/11 MP: 4/4
     2 | D:1      | Noticed a human
     4 | D:1      | Noticed a troll
     4 | D:1      | Noticed a halfling
     6 | D:1      | Noticed a merfolk
     6 | D:1      | Noticed a vampire
     8 | D:1      | Noticed a formicid
     8 | D:1      | Noticed an octopode
    10 | D:1      | Noticed a demigod
    12 | D:1      | Noticed a dwarf
    12 | D:1      | Noticed a centaur
    14 | D:1      | Noticed a draconian
    14 | D:1      | Noticed a ghoul
    16 | D:1      | Noticed a naga
    16 | D:1      | Noticed a spriggan
    18 | D:1      | Noticed a vine stalker
    18 | D:1      | Noticed a tengu
    20 | D:1      | Noticed a demonspawn
    20 | D:1      | Noticed an ogre
    22 | D:1      | Noticed a minotaur
    24 | D:1      | Noticed a gargoyle
    26 | D:1      | Noticed an elf
    26 | D:1      | Noticed a felid
   248 | D:1      | You fall into a shaft and drop 1 floor!
   250 | D:2      | Reached XP level 2. HP: 17/17 MP: 6/6
   729 | D:1      | Reached XP level 3. HP: 21/21 MP: 4/7
  1874 | D:2      | Slain by a worm

Illustrated notes

Levels and vault maps discovered:
D:1:      kb_arrival_jail, layout_loops_corners, glass_columns_a,
          minmay_tromino_v4_b
D:2:      layout_basic, serial_undead, serial_undead_a, serial_undead_b,
          serial_undead_d, serial_undead_a, uniq_jessica, uniq_sigmund

Skill      XL: |  1  2  3 |
---------------+----------+-----
Stealth        | 3 |  3.3
Translocations | 2 |  2.2
Dodging        | |  2.4
Spellcasting   | |  3.3
Conjurations   | |  1.0
Summonings     | |  1.0

Action                   || total
-------------------------++-------
Melee: Dagger            ||    35
       Constrict         ||    14
       Tentacles         ||     9
 Cast: Magic Dart        ||    52
 Stab: Sleeping          ||     1
Armor: Skin              ||     1
Dodge: Dodged            ||    23
